Map: Simulacrum LE

Players

Artanis

  • Race: Protoss Protoss
  • League: Silver
  • Spawn Location: 11:00

rorschach - Winner!

  • Race: Terran Terran
  • League: Silver
  • Spawn Location: 5:00

VOD

Have the link to the VOD?

Description

Time

  • Played on: June 6, 2020, 4:02 a.m.
  • Length: 5:21
Show
View Real Time Build Order
Export as new Build Order

Artanis Protoss 

Build Orders:  

Get SALT Encoding   

  12  0:01  Probe  
  13  0:13  Probe  
  14  0:17  Pylon  
  14  0:28  Probe  
  15  0:37  Gateway  
  15  0:40  Probe  
  16  0:51  Assimilator  
  16  0:52  Probe  
  17  1:04  Probe  
  17  1:08  Pylon  
  18  1:16  Probe  
  18  1:17  Forge  
  19  1:27  Cybernetics Core  
  19  1:31  Probe  
  20  1:44  Probe  
  21  1:50  Assimilator  
  21  1:58  Pylon  
  21  2:00  Stalker  
  21  2:01  Warp Gate (Chrono Boost)  
  23  2:19  Probe (Chrono Boost)  
  24  2:29  Stalker  
  25  2:30  Probe (Chrono Boost)  
  25  2:34  Probe (Chrono Boost)  
  28  2:45  Nexus  
  28  2:56  Gateway  
  28  3:10  Shield Battery  
  28  3:11  Shield Battery  
  28  3:19  Robotics Facility  
  28  3:23  Assimilator  
  28  3:45  Gateway  
  28  3:49  Gateway  
  28  3:57  Stalker  
  28  4:22  Stalker  
  24  4:45  Pylon  
Show
View Real Time Build Order
Export as new Build Order

rorschach Terran - Winner!

Build Orders:  

Get SALT Encoding   

  12  0:00  SCV  
  13  0:17  Supply Depot  
  13  0:18  SCV  
  14  0:33  SCV  
  15  0:40  Barracks  
  15  0:50  Supply Depot  
  15  1:00  Barracks  
  15  1:10  Barracks  
  15  1:37  Barracks  
  15  1:38  Orbital Command  
  15  1:41  Marine  
  16  1:52  Marine  
  17  1:56  Marine  
  17  1:59  Marine  
  19  2:10  Marine, SCV  
  19  2:14  Marine  
  22  2:17  Marine  
  23  2:23  Marine  
  23  2:28  Marine  
  25  2:32  Marine  
  25  2:34  Supply Depot  
  25  2:35  Marine  
  28  2:39  SCV  
  28  2:41  Marine  
  28  2:42  Refinery  
  29  2:46  Marine  
  29  2:50  Marine  
  30  2:53  Marine  
  31  2:59  Marine  
  31  3:04  Marine  
  33  3:07  Marine  
  33  3:11  Marine  
  35  3:14  SCV  
  35  3:17  Marine  
  37  3:21  Marine  
  37  3:25  Marine  
  39  3:34  Supply Depot  
  39  3:50  Marine  
  39  3:55  Marine  
  40  4:01  Marine x2  
  42  4:08  Marine  
  41  4:13  Marine  
  39  4:19  Marine x2  
  40  4:25  Marine  
  40  4:31  Marine  
  42  4:36  Marine  
  42  4:37  Marine  
  41  4:43  Marine  
  41  4:48  Marine  
  41  4:54  Marine x2  
  41  5:01  Marine  
Tags
 
Add a new tag
Caveats
  • Supply blocks, unpowered buildings, or Contaminate may cause inaccurate times.
  • Supply counts are checked every 10 seconds.